 Dungeon Crawl Stone Soup version 0.18.1-50-g88ac8fd (webtiles) character file.

25 Monsterracer the Charlatan (level 2, -1/14 HPs)
             Began as a Spriggan Artificer on Sept 1, 2017.
             Killed from afar by an orc wizard (10 damage)
             ... with a puff of flame
             ... on level 1 of the Dungeon.
             The game lasted 00:02:08 (856 turns).

Monsterracer the Charlatan (Spriggan Artificer)      Turns: 856, Time: 00:02:09

Health: -1/14      AC:  3    Str:  7    XL:     2   Next: 82%
Magic:  6/6        EV: 18    Int: 13    God:
Gold:   24         SH:  0    Dex: 16    Spells: 0 memorised, 1 level left

rFire  . . .     SeeInvis +     h - +2 dagger (speed)
rCold  . . .     Gourm    .     b - +0 robe
rNeg   . . .     Faith    +     (shield restricted)
rPois  .         Spirit   .     (helmet restricted)
rElec  .         Dismiss  .     i - +0 cloak
rCorr  .         Reflect  .     (gloves unavailable)
SustAt .         Harm     .     (boots unavailable)
MR     .....                    a - amulet of faith
Stlth  ++........               (no ring)
                                (no ring)

@: very quick, not resistant to hostile enchantments, unstealthy
A: unfitting armour, see invisible, herbivore 3, speed 3, slow metabolism 2
a: no special abilities


You were on level 1 of the Dungeon.
You were not hungry.

You visited 1 branch of the dungeon, and saw 1 of its levels.

You collected 24 gold pieces.

Inventory:

Hand Weapons
 h - a +2 dagger of speed (weapon)
Missiles
 j - 31 stones (quivered)
Armour
 b - a +0 robe (worn)
 i - a +0 cloak (worn)
Jewellery
 a - an amulet of faith (around neck)
Wands
 c - a wand of flame (15/48)
 d - a wand of enslavement (15/24)
 e - a wand of random effects (15/48)
Scrolls
 g - a scroll of enchant weapon {unknown}
Comestibles
 f - 2 bread rations


   Skills:
 + Level 1.2 Fighting
 * Level 1.5 Short Blades
 + Level 3.2 Dodging
 + Level 2.4 Stealth
 + Level 4.4 Evocations


You had one spell level left.
You didn't know any spells.

Dungeon Overview and Level Annotations

Branches:
Dungeon (1/15)

Altars:


Innate Abilities, Weirdness & Mutations

You are tiny and cannot use many weapons and most armour.
You have supernaturally acute eyesight.
You are a herbivore.
You cover ground extremely quickly.
You need consume almost no food.


Message History

Huge Dmg: -21%(-3hp) hp: 65%(9hp)
You hit the orc wizard but do no damage.
The orc wizard is moderately wounded.
The orc wizard completely misses you.
You hit the orc.
The orc is lightly wounded.
You hit the orc.
The orc is heavily wounded.
The orc closely misses you.
You hit the orc.
You kill the orc!
The orc wizard closely misses you.
Things that are here:
a flail; an orc corpse You hit the orc wizard.
The orc wizard is severely wounded.
The orc wizard gestures at you while chanting.
The puff of flame hits you!
Ouch! That really hurt!
You die...

###.##.#.....#.#.#...#.#.########
....##.###.#.#.#.#.....#.........
######.# #.#.#.#.#......#########
# #.# #.#.#.#.##......# #
#.###.#.#.#....).#..#
######.....#.........#...#
#.>..###.....#...........#
#.##.......#.#..o..#..####
#.#####....#...#@#.#...# #####
#..............#.####..# #....
####..##...÷.....#.....######.#.#
# ##.........#...#####...........
# #..........#.#.# #..≈≈≈≈≈.≈≈≈
###.##.#....##.#.# ##.≈≈≈≈≈.≈≈≈
.......†.....#.#.# #.≈≈≈≈≈.≈≈≈
##...#.#.###.#.#.# #.≈≈≈≈≈.≈≈≈
.#...#.#...#.#.#.# #.......≈≈≈


You could see an orc wizard (invisible).

Vanquished Creatures
  An orc (D:1)
  4 bats (D:1)
  A giant cockroach (D:1)
  A hobgoblin (D:1)
  4 jackals (D:1)
  A giant newt (D:1)
  4 goblins (D:1)
  2 kobolds (D:1)
  3 rats (D:1)
21 creatures vanquished.

Vanquished Creatures (others)
  An orc (D:1)
1 creature vanquished.

Grand Total: 22 creatures vanquished

Notes
Turn   | Place    | Note
--------------------------------------------------------------
     0 | D:1      | Monsterracer the Spriggan Artificer began the quest for the Orb.
     0 | D:1      | Reached XP level 1. HP: 9/9 MP: 4/4
   247 | D:1      | Reached skill level 1 in Fighting
   249 | D:1      | Reached XP level 2. HP: 14/14 MP: 6/6
   856 | D:1      | Killed from afar by an orc wizard

Skill      XL: |  1 |
---------------+----+-----
Stealth        | 2 |  2.4
Fighting       | 1 |  1.2
Short Blades   | |  1.5
Dodging        | |  3.2
Evocations     | |  4.4

Action                   || total
-------------------------++-------
Melee: Short sword       ||    30
       Dagger            ||    30
 Stab: Sleeping          ||     8
Armor: Robe              ||     6
Dodge: Dodged            ||    34
